 Dungeon Crawl Stone Soup version 0.29-a0-82-g837932c90e (webtiles) character file.

Game seed: 17046496725485000091

49 lordive the Grasshopper (level 3, -3/37 HPs)
             Began as an Ogre Warper on Feb 5, 2022.
             Slain by Terence (4 damage)
             ... on level 3 of the Dungeon.
             The game lasted 00:01:53 (2074 turns).

lordive the Grasshopper (Ogre Warper)               Turns: 2074, Time: 00:01:54

Health: -3/37      AC:  3    Str: 15    XL:     3   Next: 75%
Magic:  6/6        EV: 10    Int: 16    God:
Gold:   22         SH:  0    Dex:  8    Spells: 7/7 levels left

rFire   . . .      SeeInvis .   a - +0 mace
rCold   . . .      Faith    .   (no shield)
rNeg    . . .      Spirit   .   b - +0 robe
rPois   .          Reflect  .   (helmet restricted)
rElec   .          Harm     .   (no cloak)
rCorr   .          Rampage  .   (gloves unavailable)
Will    .....                   (boots unavailable)
Stlth   +.........              (no amulet)
HPRegen 0.12/turn               (no ring)
MPRegen 0.10/turn               (no ring)

@: no status effects
A: large, unfitting armour, tough skin 1
a: no special abilities


You were on level 3 of the Dungeon.
You visited 1 branch of the dungeon, and saw 3 of its levels.

You collected 22 gold pieces.

Inventory:

Hand Weapons
 a - a +0 mace (weapon)
Missiles
 d - 5 boomerangs of dispersal (quivered)
Armour
 b - a +0 robe (worn)
Jewellery
 l - a ring of see invisible
 m - a ring of resist corrosion
Scrolls
 c - 2 scrolls of blinking
 f - a scroll of silence {unknown}
 h - a scroll of holy word {unknown}
 i - a scroll of vulnerability {unknown}
 j - a scroll of immolation {unknown}
 k - 2 scrolls of brand weapon {unknown}
Potions
 g - a potion of heal wounds {unknown}


   Skills:
 + Level 3.0 Fighting
 + Level 2.4 Maces & Flails
 - Level 1.0 Throwing
 + Level 2.5 Dodging
 + Level 2.6 Spellcasting
 * Level 3.2 Translocations


You had 7 spell levels left.
You didn't know any spells.
Your spell library contained the following spells:

 Spells                   Type           Power      Damage    Failure   Level
 Blink                    Tloc           24%        N/A       8%          2
 Gell's Gravitas          Tloc           12%        N/A       16%         3
 Lesser Beckoning         Tloc           12%        N/A       16%         3
 Teleport Other           Tloc           12%        N/A       16%         3
 Ensorcelled Hibernation  Hex/Ice        4%         N/A       30%         2
 Passwall                 Tmut/Erth      1%         N/A       30%         2
 Swiftness                Air            2%         N/A       52%         3
 Manifold Assault         Tloc           12%        N/A       82%         5


Dungeon Overview and Level Annotations

Branches:
Dungeon (3/15)

Altars:
Fedhas

Annotations:
D:3 Terence


Innate Abilities, Weirdness & Mutations

You are too large for most types of armour.
You have tough skin. (AC +1)


Message History

You hit Terence.
Terence is heavily wounded.
Terence hits you with a +0 short sword!
You barely miss Terence.
Terence is heavily wounded.
Terence hits you with a +0 short sword. Terence barely misses you.
You barely miss Terence.
Terence is heavily wounded.
Terence closely misses you.
You hit Terence but do no damage.
Terence is heavily wounded.
Terence hits you with a +0 short sword.
* * * LOW HITPOINT WARNING * * *
You closely miss Terence.
Terence is heavily wounded.
Terence hits you with a +0 short sword.
* * * LOW HITPOINT WARNING * * *
You closely miss Terence.
Terence is heavily wounded.
Terence barely misses you. Terence misses you.
You barely miss Terence.
Terence is heavily wounded.
Terence hits you with a +0 short sword.
* * * LOW HITPOINT WARNING * * *
You feel better. Terence hits you with a +0 short sword!
* * * LOW HITPOINT WARNING * * *
You barely miss Terence.
Terence is heavily wounded.
Terence hits you with a +0 short sword.
* * * LOW HITPOINT WARNING * * *
You hit Terence.
Terence is severely wounded.
Terence misses you. Terence barely misses you.
You hit Terence.
Terence is almost dead.
Terence barely misses you.
You closely miss Terence.
Terence is almost dead.
Terence hits you with a +0 short sword.
You die...

#.#.#.#..#.#......#+## #
#.#.#..#.##........#
#.#.#.#.>............#
#.#.#......##........#
.......##..##........#
.......##..##..#..####.#
.......##...............
.......##.###..#..####.#
.......##......#@##
.....†.######..#@#
.......# #..#.# ........
..##..#÷#
............@....#
....................#
..####.....##.......# ..
.....##.......#
#.......#


You could see Terence.

Vanquished Creatures
  2 adders
  2 dart slugs
  2 ball pythons
  An endoplasm (D:2)
  5 goblins
  3 hobgoblins
  3 kobolds
  2 quokkas
  3 frilled lizards (D:1)
  4 rats (D:1)
27 creatures vanquished.

Notes
Turn   | Place    | Note
-------+----------+-------------------------------------------
     0 | D:1      | lordive the Ogre Warper began the quest for the Orb.
     0 | D:1      | Reached XP level 1. HP: 22/22 MP: 3/3
   234 | D:1      | Reached XP level 2. HP: 26/29 MP: 3/5
  1074 | D:2      | Reached XP level 3. HP: 9/36 MP: 6/6
  1083 | D:2      | Found a blossoming altar of Fedhas.
  2050 | D:3      | Noticed Terence
  2071 | D:3      | HP: 1/37 [Terence (6)]
  2074 | D:3      | Slain by Terence

Illustrated notes

Levels and vault maps discovered:
D:1:      shiori_arrival_elements, layout_loops_ring
D:2:      layout_basic, hellmonk_ecumenical_altar_crossroads, basic_altar,
          serial_shops, shop, shop, grunt_decor_arrowhead
D:3:      layout_basic, uniq_terence, uniq_grinder, uniq_sigmund

Skill      XL: |  1  2  3 |
---------------+----------+-----
Translocations | 3 |  3.2
Fighting       | 3 |  3.0
Maces & Flails | 2 |  2.4
Throwing       | |  1.0
Dodging        | |  2.5
Spellcasting   | |  2.6

Action                   || total
-------------------------++-------
Melee: Mace              ||   115
  Use: Potion            ||     2
Armor: Robe              ||    24
Dodge: Dodged            ||    70

Table legend: (Time is in decaauts)
 A = Elapsed time spent in this place.
 B = Non-inter-level travel time spent in this place.
 C = Inter-level travel time spent in this place.
 D = Time resting spent in this place.
 E = Time spent auto-exploring this place.
 F = Levels seen in this place.
 G = Mean time per level.
                   A        B        C        D        E       F      G
               +--------+--------+--------+--------+--------+-----+--------+
         Total |   2108 |   2026 |     82 |    579 |   1165 |   3 |  702.7 |
       Dungeon |   2108 |   2026 |     82 |    579 |   1165 |   3 |  702.7 |
               +--------+--------+--------+--------+--------+-----+--------+

Top non-repeatable levels by time:
     D:1: 1170 daAuts
     D:3: 486 daAuts
     D:2: 451 daAuts
